 Dungeon Crawl Stone Soup version 0.30.0-5-g1a98f26d00 (webtiles) character file.

Game seed: 18422120315083694146

2774 browni3141 the Basher (level 9, -10/66 (73) HPs)
             Began as an Armataur Warper on May 9, 2023.
             Was a Priest of Ashenzari.
             Mangled by an orc knight
             ... wielding a +0 halberd
              (16 damage)
             ... in a bailey.
             The game lasted 00:09:41 (8635 turns).

browni3141 the Basher (Armataur Warper)             Turns: 8635, Time: 00:09:42

HP:   -10/66 (73)   AC:  4    Str: 21    XL:     9   Next: 42%
MP:   13/13         EV: 14    Int: 14    God:    Ashenzari [***...]
Gold: 1765          SH:  8    Dex: 15    Spells: 12/14 levels left

rFire   . . .        U - +2 whip of Cremastomancy {elec, Range, Melee} (curse)
rCold   . . .        q - +0 kite shield of Ashenzari's Repose {Cun, Bglg} (curse)
rNeg    . . .        b - +0 leather armour of the Eye in the Sky {Alch, Range} (curse)
rPois   .            (no helmet)
rElec   .            (no cloak)
rCorr   .            (no gloves)
SInv    +            (no barding)
Will    .....        (no amulet)
Stlth   ++           H - ring "I Knew You'd Do That" {Dex+6, Bglg, Elem} (curse)
HPRegen 0.31/turn    A - ring "Astrological Sybil" {EV+5, Elem, Evo} (curse)
MPRegen 0.13/turn

%: clarity, roll
@: drained
A: large, rugged brown scales 3, deformed body, armoured tail, roll, long
tongue, awkward tongue
a: Renounce Religion, Shatter the Chains


You were in a bailey.
You worshipped Ashenzari.
Ashenzari was most pleased with you.
You visited 2 branches of the dungeon, and saw 9 of its levels.
You also visited: Ossuary and Bailey.

You collected 1765 gold pieces.

Inventory:

Hand Weapons
 a - a +0 short sword
 U - the cursed +2 whip of Cremastomancy (weapon) {elec, Range, Melee}
   (You took it off a kobold on level 1 of the Dungeon)

   It has a curse which improves the following skills: Ranged Combat: Ranged
   Weapons and Throwing.
   Melee Combat: Short Blades, Long Blades, Axes, Maces & Flails, Polearms,
   Staves and Unarmed Combat.
Missiles
 r - 2 curare-tipped darts
 z - 4 boomerangs
 J - 20 poisoned darts (quivered)
 T - 7 boomerangs of dispersal
 Z - 2 throwing nets
Armour
 b - the cursed +0 leather armour of the Eye in the Sky (worn) {Alch, Range}

   It has a curse which improves the following skills: Alchemy: Poison Magic and
   Transmutations.
   Ranged Combat: Ranged Weapons and Throwing.
 q - the cursed +0 kite shield of Ashenzari's Repose (worn) {Cun, Bglg}
   (You found it on level 4 of the Dungeon)

   It has a curse which improves the following skills: Cunning: Dodging and
   Stealth.
   Beguiling: Conjurations, Hexes and Translocations.
 s - a +1 robe of cold resistance
 x - a +2 hat of willpower
 N - a +0 robe of resistance
Magical Staves
 Y - a staff of fire
Jewellery
 y - a ring of poison resistance
 A - the cursed ring "Astrological Sybil" (right hand) {EV+5, Elem, Evo}
   (You found it on level 6 of the Dungeon)

   [ring of evasion]

   EV:        It affects your evasion (+5).
   It has a curse which improves the following skills: Elements: Fire Magic, Ice
   Magic, Air Magic and Earth Magic.
   Evocations: Evocations.
 B - a ring of willpower
 H - the cursed ring "I Knew You'd Do That" (left hand) {Dex+6, Bglg, Elem}
   (You found it on level 4 of the Dungeon)

   [ring of dexterity]

   Dex:       It affects your dexterity (+6).
   It has a curse which improves the following skills: Beguiling: Conjurations,
   Hexes and Translocations.
   Elements:  Fire Magic, Ice Magic, Air Magic and Earth Magic.
Wands
 u - a wand of digging (7)
 I - a wand of iceblast (8)
 P - a wand of paralysis (8)
Scrolls
 n - a scroll of blinking
 p - a scroll of poison
 t - a scroll of enchant armour
 D - a scroll of enchant weapon
 E - a scroll of magic mapping
 G - a scroll of torment
 K - a scroll of vulnerability
 O - 3 scrolls of amnesia
 R - a scroll of fog
 S - 4 scrolls of teleportation
Potions
 c - 2 potions of cancellation
 h - 2 potions of haste
 i - a potion of invisibility
 m - 2 potions of magic
 v - a potion of attraction
 w - a potion of resistance
 C - 3 potions of curing
 F - 3 potions of flight
 L - a potion of lignification
 M - 2 potions of might
 Q - 4 potions of brilliance
 V - 2 potions of mutation
 W - a potion of berserk rage
 X - 2 potions of ambrosia


   Skills:
 - Level 3.0 Fighting
 - Level 1.7(2.8) Short Blades
 * Level 9.6(11.1) Maces & Flails
 * Level 2.3(4.1) Throwing
 - Level 2.0 Armour
 - Level 2.0(3.1) Dodging
 - Level 3.0(4.3) Stealth
 * Level 2.2 Shields
 - Level 3.0 Spellcasting
 - Level 4.4(6.5) Translocations
 - Level 2.0(3.1) Evocations


You had 12 spell levels left.
You knew the following spells:

 Your Spells              Type           Power      Damage    Failure   Level
B - Blink                 Tloc           40%        N/A       6%          2

Your spell library contained the following spells:

 Spells                   Type           Power      Damage    Failure   Level
 Lesser Beckoning         Tloc           40%        N/A       6%          2
 Teleport Other           Tloc           20%        N/A       13%         3
 Manifold Assault         Tloc           20%        N/A       38%         4
 Vhi's Electric Charge    Tloc/Air       22%        N/A       43%         3
 Ensorcelled Hibernation  Hex/Ice        4%         N/A       63%         2
 Cigotuvi's Dreadful Rot  Necr/Pois/Air  4%         N/A       65%         2
 Ignite Poison            Fire/Tmut/Pois 2%         N/A       86%         3
 Stone Arrow              Conj/Erth      4%         3d7       86%         3
 Spider Form              Tmut/Pois      2%         N/A       87%         3
 Anguish                  Hex/Necr       1%         N/A       99%         4
 Animate Armour           Summ/Erth      4%         N/A       99%         4
 Summon Lightning Spire   Summ/Air       2%         N/A       99%         4
 Freezing Cloud           Conj/Ice/Air   1%         6-21      100%        5
 Malign Gateway           Summ/Tloc      5%         N/A       100%        7
 Storm Form               Tmut/Air       1%         N/A       100%        7
 Lehudib's Crystal Spear  Conj/Erth      1%         10d2      100%        8
 Maxwell's Capacitive Co  Air            1%         ∞         100%        8
 Summon Horrible Things   Summ           1%         N/A       100%        8


Dungeon Overview and Level Annotations

Branches:
Dungeon (8/15)             Temple (1/1) D:5         Ossuary (visited)
 Bailey (1/1)
   Lair: D:8-11

Altars:
Ashenzari
Cheibriados
Dithmenos
Elyvilon
Fedhas
Gozag
Hepliaklqana
Kikubaaqudgha
Okawaru
Qazlal
Ru
Sif Muna
Trog
Uskayaw
Vehumet
Xom
Yredelemnul
The Shining One

Shops:
D:4 =   D:6 [


Innate Abilities, Weirdness & Mutations

You are completely covered in rugged brown scales. (AC +3, +7% HP)
Armour fits poorly on your strangely shaped body.
You have a long armoured tail.
You roll when moving toward enemies. (Rampage)
Your long tongue fully drains potion bottles. (2x potion effects)
Your tongue gives you trouble enunciating. (1.5x scroll delay)


Message History

No target in view!
No target in view!
No target in view!
No target in view!
You open the door.
There is an open door here.
No target in view!
No target in view!
You open the door.
An orc comes into view. It is wielding a +0 halberd.
You roll towards the orc!
The helpless orc fails to defend itself.
You hit the orc but do no damage. You hit the orc but do no damage.
You tail-slap the orc.
You kill the orc!
Things that are here:
a +0 halberd; a +0 ring mail; an orc corpse No target in view!
No target in view!
No target in view!
There is an open door here.
You open the door.
An orc comes into view. It is wielding a +0 spear.
You roll towards the orc!
The helpless orc fails to defend itself.
You whack the orc!
You kill the orc!
No target in view!
Things that are here:
a +0 spear; a +0 scale mail; an orc corpse No target in view!
There is an open door here.
Q - 4 potions of brilliance (gained 1) As you open the door, it creaks loudly!
There is an open door here.
There is an open door here.
You open the door. You open the door.
A gnoll comes into view.
It is wielding a +2 halberd of electrocution.
A gnoll is nearby!
You roll towards the gnoll!
The helpless gnoll fails to defend itself.
You hit the gnoll but do no damage.
Your tail-slap misses the gnoll.
You closely miss the gnoll. The gnoll closely misses you.
You hit the gnoll.
The gnoll is lightly wounded.
You block the gnoll's attack.
You barely miss the gnoll. You tail-slap the gnoll.
The gnoll is heavily wounded.
You block the gnoll's attack.
You hit the gnoll.
The gnoll is severely wounded.
You hit the gnoll but do no damage.
The gnoll is severely wounded.
The gnoll misses you.
You closely miss the gnoll.
Your tail-slap misses the gnoll.
The gnoll is severely wounded.
The gnoll barely misses you.
You completely miss the gnoll.
The gnoll is severely wounded.
You hit the gnoll.
You kill the gnoll!
Things that are here:
a +2 halberd of electrocution; a gnoll corpse No target in view!
You open the door.
A gnoll comes into view.
It is wielding a +0 halberd of draining.
A gnoll is nearby!
A gnoll is nearby!
You roll towards the gnoll!
The helpless gnoll fails to defend itself.
You whack the gnoll!
You kill the gnoll!
You see here a +0 halberd of draining.
You open the door.
An orc knight and 3 gnolls come into view.
A gnoll is wielding a +1 halberd of draining.
A gnoll is wielding a +0 halberd of draining.
A gnoll is wielding a +1 halberd of draining.
The gnoll shouts!
The orc knight shouts!
The gnoll shouts! x2
You roll towards the gnoll!
You block the gnoll's attack. The gnoll misses you.
You block the orc knight's attack.
You see here a potion of brilliance.
You barely miss the gnoll. You whack the orc knight!
The orc knight is lightly wounded.
The gnoll misses you.
The gnoll hits you with a +1 halberd of draining!
You feel drained.
The gnoll hits you from afar with a +0 halberd of draining.
You feel drained.
The orc knight hits you with a +0 halberd!!
* * * LOW HITPOINT WARNING * * *
You hit the gnoll. Lightning courses through the gnoll!
You kill the gnoll!
The gnoll barely misses you. The gnoll misses you.
The orc knight hits you with a +0 halberd!
* * * LOW HITPOINT WARNING * * *
You are too injured to fight recklessly!
The gnoll closely misses you. You block the gnoll's attack.
The orc knight hits you with a +0 halberd!
You die...

#)###.###)#)###.###)#
#'# ### ##### ### ###
#)###)###.#g# { *,
##'##'##'###+##+##+
##.....## *#!.!.!#
###.....### #.!.!.#
#)'..⌠..'.#{+!.g.!+,*
###.....###*#o!g!.#*
*#.....## ##!@!.!#
**+##+##'###'##+##+ *
* { ##)')## ** * * *
##### * *


You could see an orc knight and 2 gnolls.

Vanquished Creatures
  Sigmund (D:4)
  A water moccasin (D:4)
  An ice beast (D:6)
  An orc warrior (D:7)
  A black bear (D:6)
  3 ogres
  2 phantoms
  3 centaurs
  4 kobold brigands
  2 bullfrogs
  2 scorpions (D:6)
  A gnoll sergeant (D:8)
  A wight (D:6)
  A howler monkey (D:5)
  2 jellies
  2 hounds (D:6)
  A gnoll bouda (D:4)
  Terence (D:3)
  2 iguanas
  6 orc wizards
  8 mummies (Ossuary)
  24 gnolls
  5 adders
  3 ufetubi (D:5)
  A worm (D:4)
  2 dart slugs (D:1)
  30 orcs
  5 endoplasms
  4 giant cockroaches
  10 goblins
  4 hobgoblins
  10 jackals
  3 quokkas
  6 ball pythons
  7 bats
  3 frilled lizards
  2 gnoll zombies (Ossuary)
  3 hobgoblin zombies (Ossuary)
  22 kobolds
  3 kobold zombies (Ossuary)
  3 rats
  A spectral goblin (D:5)
197 creatures vanquished.

Notes
Turn   | Place    | Note
-------+----------+-------------------------------------------
     0 | D:1      | browni3141 the Armataur Warper began the quest for the Orb.
     0 | D:1      | Reached XP level 1. HP: 18/18 MP: 3/3
   198 | D:1      | Reached XP level 2. HP: 22/25 MP: 4/4
   693 | D:1      | Reached skill level 3 in Stealth
   950 | D:1      | Found a faded altar of an unknown god.
   956 | D:1      | Reached XP level 3. HP: 31/31 MP: 5/5
  1530 | D:2      | Reached skill level 1 in Maces & Flails
  1679 | D:2      | Reached XP level 4. HP: 39/39 MP: 6/6
  1772 | D:3      | Noticed Terence
  1787 | D:3      | Killed Terence
  1941 | D:3      | Reached skill level 3 in Fighting
  1942 | D:3      | Reached skill level 2 in Maces & Flails
  1947 | D:3      | Reached XP level 5. HP: 31/48 MP: 7/7
  2038 | D:3      | Found a radiant altar of Vehumet.
  2296 | D:3      | Found a broken altar of Ashenzari.
  2430 | D:3      | Found a shimmering blue altar of Sif Muna.
  2544 | D:3      | Became a worshipper of Ashenzari the Shackled
  2717 | D:3      | Found a hide-covered altar of Uskayaw.
  2862 | D:4      | Noticed a water moccasin
  2872 | D:4      | Killed a water moccasin
  2873 | D:4      | Reached skill level 4 in Maces & Flails
  2873 | D:4      | Reached XP level 6. HP: 23/54 MP: 8/8
  3151 | D:4      | Noticed Sigmund
  3156 | D:4      | Learned a level 2 spell: Blink
  3168 | D:4      | Killed Sigmund
  3169 | D:4      | Reached skill level 5 in Maces & Flails
  3288 | D:4      | Found Xehooh's Jewellery Shoppe.
  3299 | D:4      | Reached XP level 7. HP: 60/60 MP: 9/9
  3405 | D:4      | Found a snail-covered altar of Cheibriados.
  3409 | D:4      | Found a stormy altar of Qazlal.
  3412 | D:4      | Found a shimmering altar of Xom.
  3812 | D:5      | Entered Level 5 of the Dungeon
  4131 | D:5      | Reached * piety under Ashenzari
  4131 | D:5      | Identified a scroll of acquirement
  4368 | D:5      | Found a staircase to the Ecumenical Temple.
  4500 | Temple   | Entered the Ecumenical Temple
  4813 | D:5      | Acquired 1157 gold pieces
  5204 | D:5      | Reached skill level 6 in Maces & Flails
  5230 | D:5      | Found a hazy altar of Hepliaklqana.
  5410 | D:6      | Found a bloodstained altar of Trog.
  5568 | D:6      | Reached ** piety under Ashenzari
  5597 | D:6      | Reached XP level 8. HP: 65/67 MP: 10/12
  5640 | D:6      | Found Puaxze's Antique Armour Shoppe.
  5739 | D:6      | You fall into a shaft and drop 1 floor!
  5759 | D:7      | Reached skill level 3 in Spellcasting
  5774 | D:7      | Found a sand-covered staircase.
  5785 | Ossuary  | Entered an ossuary
  6208 | D:7      | Found a blossoming altar of Fedhas.
  6406 | D:7      | Reached skill level 7 in Maces & Flails
  6926 | D:7      | Reached skill level 8 in Maces & Flails
  7346 | D:6      | Found an ancient bone altar of Kikubaaqudgha.
  7448 | D:6      | Identified the +2 long sword of the Establishment {flame,
                  | Str+3}
  7710 | D:6      | Reached XP level 9. HP: 61/73 MP: 13/13
  7763 | D:6      | Reached skill level 9 in Maces & Flails
  8008 | D:4      | Reached *** piety under Ashenzari
  8367 | D:8      | Found a flagged portal.
  8386 | Bailey   | Entered a bailey
  8630 | Bailey   | Noticed an orc knight
  8635 | Bailey   | Mangled by an orc knight

Illustrated notes

Levels and vault maps discovered:
D:1:      dpeg_arrival_leaves_temple_mockup, layout_loops_corners,
          hellmonk_ecumenical_altar_zigzags, minmay_distorted
D:2:      layout_basic, kennysheep_decorative_pillar
D:3:      cheibrodos_old_hovel, layout_basic,
          mainiacjoe_overflow_surrounded_room, lemuel_blue_sif_altar,
          lemuel_crystal_altar, evilmike_ruin_ashenzari, uniq_terence
D:4:      layout_basic, grunt_temple_overflow_diamond, nicolae_stop_n_shop_1,
          uniq_sigmund
D:5:      layout_loops_ring, nicolae_hepliaklqana_monster_ancestors,
          minmay_temple_entry_waves
D:6:      minmay_chambers_of_sixes, layout_layer_cave,
          mainiacjoe_overflow_small_starburst, mainiacjoe_overflow_catwalk,
          serial_shops, nicolae_shop_stone
D:7:      layout_basic, fedhas_altar_3, nicolae_ossuary_entry_ruins
D:8:      layout_basic, serial_shops, shop, enter_bailey_7,
          nicolae_figureground_sparkle, uniq_psyche
Temple:   nicolae_temple_ecumenical_triangle
Bailey:   bailey_polearm_nasty_gnolls, bailey

Skill      XL: |  1  2  3  4  5  6  7  8  9 |
---------------+----------------------------+-----
Stealth        | 2 3 |  3.0
Fighting       | 2 3 |  3.0
Maces & Flails | 1 2 4 5 6 8 9 |  9.6
Translocations | 4 |  4.4
Armour         | 2 |  2.0
Evocations     | 2 |  2.0
Dodging        | 2 |  2.0
Spellcasting   | 2 3 |  3.0
Throwing       | 2 |  2.3
Shields        | 2 |  2.2
Short Blades   | |  1.7

Action                     |  1- 3 |  4- 6 |  7- 9 || total
---------------------------+-------+-------+-------++-------
  Melee: Short sword       |   103 |       |       ||   103
         Tailslap          |    18 |     8 |    63 ||    89
         Whip              |    50 |    75 |   411 ||   536
         Punch             |       |     1 |     2 ||     3
  Throw: Dart              |       |     6 |     7 ||    13
         Boomerang         |       |       |     2 ||     2
 Invoke: Curse Item        |       |     1 |     4 ||     5
  Evoke: Wand              |       |     3 |     2 ||     5
    Use: Scroll            |       |       |     1 ||     1
   Stab: Sleeping          |     4 |     3 |    20 ||    27
         Distracted        |     1 |       |     1 ||     2
 Armour: Leather armour    |    59 |    20 |    52 ||   131
  Dodge: Dodged            |    84 |    32 |   198 ||   314
  Block: Kite shield       |       |       |    46 ||    46
